 Dungeon Crawl Stone Soup version 0.32-a0-470-g255bbe2f98 (webtiles) character file.

Game seed: 13978062022249419585

1676747 NormalPerson7 the Scorcher (level 26, 189/189 HPs)
             Began as an Armataur Cinder Acolyte on Feb 24, 2024.
             Was a High Priest of Hepliaklqana.
             Escaped with the Orb
             ... and 4 runes on Feb 25, 2024!
             The game lasted 11:34:59 (125640 turns).

NormalPerson7 the Scorcher (AtCA)                 Turns: 125640, Time: 11:35:00

Health: 189/189    AC: 35    Str: 23    XL:     26   Next: 45%
Magic:  49/49      EV:  7    Int: 19    God:    Hepliaklqana [*****.]
Gold:   4122       SH: 20    Dex: 10    Spells: 2/51 levels left

rFire   + + +        G - +9 quick blade (distort) {!w}
rCold   + . .        i - +3 kite shield of the Old and Reckless {rF+ Will+ MP+9 Int-3 Dex-5}
rNeg    + . .        E - +5 ring mail {rF+}
rPois   +            C - +2 hat
rElec   +            V - scarf {rC+ rF+}
rCorr   +            D - +2 pair of gloves {Dex+3}
SInv    .            U - +10 Black Knight's barding {ponderous, rPois rN+}
Will    +++..        B - amulet of reflection Stlth
                     J - ring "Feitzias" {rElec rPois rCorr Str+3 Int-2 Dex+6}
HPRegen 0.51/turn    a - ring of wizardry
MPRegen 0.31/turn

%: reflection, roll, wizardry (x1)
@: studying 2 skills, slow
A: reduced essence, large, deformed body, tough skin 3, armoured tail, roll 2,
beak, clumsy 1, frail 1, strong-willed 1, wild magic 2
0: Orb of Zot
}: 4/15 runes: serpentine, barnacled, slimy, silver
a: Renounce Religion, Recall Ancestor, Ancestor Identity, Transference, Idealise


You escaped.
You worshipped Hepliaklqana.
Hepliaklqana was extremely pleased with you.
You visited 11 branches of the dungeon, and saw 53 of its levels.
You also visited: Sewer and Ice Cave.

You collected 9629 gold pieces.
You spent 5507 gold pieces at shops.

Inventory:

Hand Weapons
 G - a +9 quick blade of distortion (weapon) {!w}
Missiles
 z - 11 silver javelins
 P - 3 throwing nets (quivered) {!f}
Armour
 i - the +3 kite shield of the Old and Reckless (worn) {rF+ Will+ MP+9 Int-3 Dex-5}
   (You acquired it on level 2 of the Orcish Mines)

   Int-3:     It affects your intelligence (-3).
   Dex-5:     It affects your dexterity (-5).
   rF+:       It protects you from fire.
   Will+:     It increases your willpower.
   MP+9:      It affects your magic capacity (+9).
 C - a +2 hat (worn)
 D - a +2 pair of gloves of dexterity (worn)
 E - a +5 ring mail of fire resistance (worn)
 U - the +10 Black Knight's barding (worn) {ponderous, rPois rN+}
   (You bought it in a shop on level 2 of the Dungeon)

   rPois:     It protects you from poison rN+: It protects you from negative
   energy.
 V - a scarf of resistance (worn)
Jewellery
 a - a ring of wizardry (right hand)
 e - the ring "Daukawki" {EV+5 Dex+5 Slay+3}
   (You found it on level 4 of the Vaults)

   [ring of evasion]

   EV+5:      It affects your evasion (+5).
   Dex+5:     It affects your dexterity (+5).
   Slay+3:    It affects your accuracy & damage with ranged weapons and melee
   (+3).
 g - the ring "Rezuwax" {Ice +Blink Str-3 Int-5 Dex+6}
   (You took it off Josephina on level 2 of the Realm of Zot)

   [ring of ice]

   Ice:       It enhances your ice magic.
   Str-3:     It affects your strength (-3).
   Int-5:     It affects your intelligence (-5).
   Dex+6:     It affects your dexterity (+6).
   rF-:       It makes you vulnerable to fire.
   rC+:       It protects you from cold.
   +Blink:    It lets you blink.
 o - the ring of Yendor {Will++ Dex+6 Slay+3}
   (You took it off an ironbound convoker on level 5 of the Vaults)

   [ring of dexterity]

   Dex+6:     It affects your dexterity (+6).
   Slay+3:    It affects your accuracy & damage with ranged weapons and melee
   (+3).
   Will++:    It greatly increases your willpower.
 w - a +4 ring of slaying
 B - an amulet of reflection (around neck)
 J - the ring "Feitzias" (left hand) {rElec rPois rCorr Str+3 Int-2 Dex+6}
   (You took it off a deep elf demonologist on level 3 of the Elven Halls)

   [ring of dexterity]

   Str+3:     It affects your strength (+3).
   Int-2:     It affects your intelligence (-2).
   Dex+6:     It affects your dexterity (+6).
   rElec:     It insulates you from electricity.
   rPois:     It protects you from poison rCorr: It protects you from acid and
   corrosion.
 Q - the ring of Light {AC+4 Int+3}
   (You found it on level 4 of the Shoals)

   [ring of protection]

   AC+4:      It affects your AC (+4).
   Int+3:     It affects your intelligence (+3).
 W - the ring "Vuufetri" {rC+ rCorr Dex+3}
   (You found it on level 3 of the Vaults)

   [ring of protection from cold]

   Dex+3:     It affects your dexterity (+3).
   rC+:       It protects you from cold.
   rCorr:     It protects you from acid and corrosion.
Wands
 n - a wand of iceblast (31)
 v - a wand of acid (27)
 L - a wand of paralysis (30)
 O - a wand of digging (27)
 Y - a wand of polymorph (52)
Scrolls
 b - 6 scrolls of vulnerability {!r}
 d - 3 scrolls of fear
 j - a scroll of revelation
 k - 5 scrolls of fog
 t - 21 scrolls of teleportation
 u - 7 scrolls of poison {!r}
 x - 6 scrolls of blinking
 y - 2 scrolls of butterflies
 A - 3 scrolls of torment {!r}
 F - 12 scrolls of immolation
 I - 3 scrolls of amnesia
 Z - 5 scrolls of silence {!r}
Potions
 c - 24 potions of curing
 f - 5 potions of haste
 h - 6 potions of heal wounds
 l - 3 potions of cancellation
 m - 9 potions of lignification {!q}
 p - 4 potions of mutation {!q}
 q - 6 potions of resistance
 r - 6 potions of might
 s - 3 potions of invisibility
 H - 12 potions of ambrosia
 N - 8 potions of magic
 R - 10 potions of enlightenment
 X - 3 potions of brilliance
Miscellaneous
 K - a box of beasts
 S - a lightning rod (4/4)
 T - a tin of tremorstones (2/2)


   Skills:
 * Level 19.6 Fighting
 - Level 13.1(14.0) Short Blades
 - Level 8.0(11.5) Long Blades
 - Level 3.0 Maces & Flails
 - Level 14.0 Armour
 + Level 4.7 Dodging
 - Level 15.0 Shields
 - Level 13.0 Spellcasting
 - Level 13.0 Conjurations
 - Level 3.0 Necromancy
 - Level 8.0 Translocations
 - Level 20.4 Fire Magic
 - Level 9.6 Ice Magic
 - Level 8.0 Air Magic
 - Level 13.0 Earth Magic
 - Level 9.0 Alchemy
 + Level 11.4 Invocations
 - Level 8.0 Evocations


You had 2 spell levels left.
You knew the following spells:

 Your Spells              Type           Power      Damage    Failure   Level
a - Arcjolt               Conj/Air       35%        1d45      4%          5
c - Iskenderun's Mystic   Conj/Tloc      70%        2d14      2%          4
d - Freezing Cloud        Conj/Ice/Air   34%        6-21      4%          5
f - Fulminant Prism       Conj/Alch      36%        3d17      1%          4
p - Apportation           Tloc           100%       N/A       1%          1
s - Fireball              Conj/Fire      44%        3d18      1%          5
v - Bombard               Conj/Erth      39%        9d7       8%          6
C - Ignition              Fire           48%        3d14      13%         8
S - Summon Lightning Spi  Summ/Air       44%        N/A       16%         4
W - Iskenderun's Battles  Conj           78%        2d13      2%          5
X - Blink                 Tloc           100%       N/A       1%          2

Your spell library contained the following spells:

 Spells                   Type           Power      Damage    Failure   Level
 Freeze                   Ice            100%       1d10      1%          1
 Kiss of Death            Conj/Necr      100%       2d13      1%          1
 Magic Dart               Conj           100%       1d8       1%          1
 Sting                    Conj/Alch      100%       1d9       1%          1
 Cigotuvi's Dreadful Rot  Necr/Alch/Air  100%       N/A       1%          2
 Lesser Beckoning         Tloc           100%       N/A       1%          2
 Mercury Vapours          Alch/Air       100%       N/A       1%          2
 Momentum Strike          Conj/Tloc      100%       3d10      1%          2
 Scorch                   Fire           100%       2d9       1%          2
 Static Discharge         Conj/Air       100%       3-8/arc   1%          2
 Ensorcelled Hibernation  Hex/Ice        96%        N/A       2%          2
 Necrotise                Necr           100%       1d9       3%          1
 Sublimation of Blood     Necr           38%        N/A       4%          2
 Slow                     Hex            76%        N/A       9%          1
 Summon Small Mammal      Summ           76%        N/A       9%          1
 Call Imp                 Summ           38%        N/A       13%         2
 Jinxbite                 Hex            38%        N/A       13%         2
 Frozen Ramparts          Ice            100%       1d16      1%          3
 Hailstorm                Conj/Ice       73%        3d13      1%          3
 Volatile Blastmotes      Fire/Tloc      100%       2d18      1%          3
 Brom's Barrelling Bould  Conj/Erth      78%        2d9       1%          4
 Flame Wave               Conj/Fire      88%        2d19      1%          4
 Ignite Poison            Fire/Alch      83%        N/A       1%          4
 Leda's Liquefaction      Alch/Erth      36%        N/A       1%          4
 Petrify                  Alch/Erth      72%        N/A       1%          4
 Summon Blazeheart Golem  Fire/Summ      70%        N/A       2%          4
 Olgreb's Toxic Radiance  Alch           65%        N/A       3%          4
 Summon Ice Beast         Ice/Summ       48%        N/A       4%          3
 Airstrike                Air            31%        2d(5-21)  4%          4
 Passage of Golubria      Tloc           62%        N/A       4%          4
 Alistair's Intoxication  Alch           43%        N/A       7%          5
 Fugue of the Fallen      Necr           38%        N/A       9%          3
 Vampiric Draining        Necr           38%        2d8       9%          3
 Borgnjor's Vile Clutch   Necr/Erth      31%        N/A       10%         5
 Call Canine Familiar     Summ           19%        N/A       22%         3
 Confusing Touch          Hex            19%        N/A       22%         3
 Sigil of Binding         Hex            19%        N/A       22%         3
 Tukima's Dance           Hex            19%        N/A       22%         3
 Animate Dead             Necr           38%        N/A       22%         4
 Dispel Undead            Necr           38%        3d16      22%         4
 Sculpt Simulacrum        Ice/Alch       33%        N/A       26%         6
 Metabolic Englaciation   Hex/Ice        24%        N/A       28%         5
 Yara's Violent Unravell  Hex/Alch       23%        3d10      30%         5
 Anguish                  Hex/Necr       14%        N/A       36%         4
 Martyr's Knell           Necr/Summ      28%        N/A       36%         4
 Curse of Agony           Necr           38%        N/A       45%         5
 Cause Fear               Hex            9%         N/A       52%         4
 Ozocubu's Refrigeration  Ice            33%        4d14      69%         7
 Summon Mana Viper        Hex/Summ       19%        N/A       83%         5
 Death Channel            Necr           19%        N/A       92%         6
 Spellforged Servitor     Conj/Summ      28%        N/A       96%         7
 Summon Cactus Giant      Summ           9%         N/A       100%        6
 Enfeeble                 Hex            9%         N/A       100%        7
 Malign Gateway           Summ/Tloc      22%        N/A       100%        7
 Monstrous Menagerie      Summ           9%         N/A       100%        7
 Summon Hydra             Summ           9%         N/A       100%        7
 Discord                  Hex            9%         N/A       100%        8
 Summon Horrible Things   Summ           9%         N/A       100%        8
 Dragon's Call            Summ           9%         N/A       100%        9
 Polar Vortex             Ice            33%        12d4*     100%        9


Dungeon Overview and Level Annotations

Branches:
Dungeon (15/15)            Temple (1/1) D:4            Lair (5/5) D:10
 Shoals (4/4) Lair:3        Snake (4/4) Lair:3        Slime (5/5) Lair:4
    Orc (2/2) D:9             Elf (3/3) Orc:2        Vaults (5/5) D:13
  Crypt (0/3) Vaults:2     Depths (4/4) D:15            Zot (5/5) Depths:4
  Sewer (visited)           IceCv (visited)

Altars:
Ashenzari
Cheibriados
Dithmenos
Elyvilon
Fedhas
Gozag
Hepliaklqana
Kikubaaqudgha
Makhleb
Nemelex Xobeh
Okawaru
Qazlal
Ru
Sif Muna
Trog
Uskayaw
Vehumet
Wu Jian
Xom
Yredelemnul
Zin
The Shining One
Jiyva

Shops:
D:2 *   D:9 [   Orc:2 =[?[([?   Elf:3 *   Shoals:1 [   Snake:3 [
Vaults:1 =?[!?   Vaults:2 *:*   Vaults:3 *   Depths:2 *=[   Depths:3 [

Portals:
Hell: Depths:1 Depths:2 Depths:3 Depths:4
Abyss: Depths:3
Pandemonium: Depths:2 Depths:4
Ziggurat: Depths:1

Annotations:
Shoals:3 exclusion: downstairs
Snake:4 Roxanne
Depths:1 exclusions: glass eye, great orb of eyes, shining eye and 1 more exclusion
Abyss:1 Vv


Innate Abilities, Weirdness & Mutations

Your life essence is reduced to manifest your ancestor. (-10% HP)
Armour fits poorly on your strangely shaped body.
You have extremely tough skin. (AC +3)
You have a long armoured tail.
You regenerate magic and health when rolling toward enemies. (Rampage Regen)
You have a beak for a mouth.
You are clumsy. (Dex -2)
You are frail. (-10% HP)
You are strong-willed. (Will+)
Your spells are harder to cast, but more powerful.


Message History

AncientPerson7 hits something with a +0 broad axe of speed!!
Something hits AncientPerson7!
AncientPerson7's magic leaks into the air.
AncientPerson7 hits something with a +0 broad axe of speed!!
Reactivating autopickup.
You feel a bit more experienced.
There is a stone staircase leading up here.
You climb upwards.
There is a stone staircase leading down here.
What level of the Dungeon? (default 1, ? - help) Magic restored.
An Orb Guardian comes into view.
AncientPerson7 is recalled.
You block the Orb Guardian's attack.
You swap places.
AncientPerson7 blocks the Orb Guardian's attack.
AncientPerson7 gestures wildly while chanting.
AncientPerson7 seems to speed up.
The Orb Guardian hits AncientPerson7 but does no damage.
AncientPerson7 hits the Orb Guardian with a +0 broad axe of speed.
AncientPerson7 blocks the Orb Guardian's attack.
AncientPerson7 hits the Orb Guardian with a +0 broad axe of speed!
AncientPerson7 barely misses the Orb Guardian.
There is a stone staircase leading up here.
AncientPerson7 blocks the Orb Guardian's attack.
AncientPerson7 barely misses the Orb Guardian.
The Orb Guardian hits AncientPerson7!!
You climb upwards.
There is a stone staircase leading down here.
What level of the Dungeon? (default 1, ? - help)
There is an open door here.
There is an open door here.
There is a stone staircase leading up here.
You climb upwards.
There is a stone staircase leading down here.
There is a stone staircase leading up here.
You climb upwards.
There is a stone staircase leading down here.
There is a staircase leading out of the dungeon here.
You have escaped!

#.#.#.##..........#......##.#....
..#.#.#.#........#......#.#.#....
..#...#..#......#......#..#.#....
......#...#....#.#.#..#...#.#....
....###....#..#...#..#....#.#####
.....##.....##...#.##.....#.#
#....##.....#...#...#.....#.#
...#.##..#.#...#.....#[.....#####
...#......#...#.@...#.#...#.#....
####.##..#.#.#.#...#......#.#.###
####.##.#...#...#.#.#.....#...#
......#....#.#...#...#....#.###
#######...#...#...#...#...#.#####
#..#.....#.......#..#......
#.#.......#.......#.#.#####
##.......).........##.# #
#########.################


There were no monsters in sight!

Vanquished Creatures
  Dissolution (Slime:2)
  the Royal Jelly (Slime:5)
  2 ancient liches
  A dread lich (Vaults:5)
  Mennas (Depths:4)
  3 orbs of fire
  A juggernaut (Depths:2)
  Josephina (Zot:2)
  2 Killer Klowns
  3 curse toes
  A golden dragon (Zot:3)
  Nikola (Shoals:4)
  2 electric golems (Zot:5)
  2 Ice Fiends
  14 Orb Guardians
  5 tentacled monstrosities
  Asterion (Depths:2)
  4 quicksilver dragons
  3 liches
  5 sphinxes
  2 titans (Vaults:5)
  12 acid blobs
  2 deep elf master archers (Elf:3)
  A kraken (Shoals:4)
  Kirke (Snake:1)
  3 tengu reavers
  Polyphemus (Shoals:3)
  7 death cobs
  3 storm dragons
  3 shadow dragons
  8 rockslimes
  Donald (Vaults:3)
  2 nagarajas (Snake:4)
  Aizul (Snake:1)
  8 azure jellies
  3 protean progenitors
  3 fire giants
  2 draconian knights
  5 draconian monks
  4 frost giants
  2 balrugs
  10 vault wardens
  5 draconian shifters
  Louise (Snake:3)
  The ghost of Morbidden the Blocker, a journeyman FoHu of Cheibriados (Lair:5)
  7 deep elf sorcerers
  A curse skull (Vaults:1)
  A reaper (Depths:2)
  4 draconian annihilators (Zot:4)
  5 orc warlords
  5 draconian stormcallers
  7 quicksilver oozes (Slime:5)
  4 draconian scorchers
  4 deep elf elementalists (Elf:3)
  12 ironbound preservers
  The ghost of Unwyh the Thrower, a journeyman TrDe of Ashenzari (Lair:3)
  12 very ugly things
  2 spriggan defenders
  2 formless jellyfish (Slime:5)
  11 green draconians
  3 stone giants
  A deep elf death mage (Elf:1)
  4 ironbound thunderhulks
  5 deep elf demonologists (Elf:3)
  Nessos (D:14)
  4 vampire knights
  4 black draconians
  12 dire elephants
  2 spark wasps (Depths:1)
  14 deep elf annihilators
  5 red draconians
  4 white draconians
  3 yellow draconians
  3 purple draconians
  7 ettins
  5 merfolk impalers
  A jiangshi (Vaults:2)
  11 yaktaur captains
  5 deep elf high priests
  8 fire dragons
  4 great orbs of eyes
  3 rakshasas
  5 merfolk javelineers
  The ghost of Pascal76 the Cleaver, a journeyman MiFi of Okawaru (D:11)
  10 hydras
  10 ice dragons
  Fannar (D:11)
  4 spriggan air magi
  26 vault guards
  A peacekeeper (Vaults:3)
  4 merfolk avatars
  4 centaur warriors
  3 salamander tyrants
  The ghost of mn3067 the Grappler, a novice TrFi of Wu Jian (D:8)
  2 jorogumos (Zot:4)
  14 anacondas
  4 boulder beetles
  9 ironbound frosthearts
  4 satyrs
  A catoblepas (Shoals:3)
  2 ogre magi
  11 two-headed ogres
  17 dancing weapons
  A death knight (D:13)
  A deep troll shaman (Depths:2)
  6 merfolk aquamancers
  2 deep troll earth magi
  A two-headed ogre (shapeshifter) (Depths:3)
  2 occultists (Depths:3)
  3 tengu warriors
  4 death yaks
  10 naga warriors
  6 orc high priests
  3 soul eaters
  2 spriggan berserkers (Depths:4)
  7 shock serpents
  16 deep elf knights
  9 naga sharpshooters
  3 sun demons (Depths:1)
  3 glowing orange brains
  6 salamander mystics
  A skeletal warrior (D:13)
  19 deep trolls
  A goliath frog (Lair:5)
  7 skysharks
  A mana viper (shapeshifter) (Vaults:1)
  A swamp dragon (Depths:4)
  2 flayed ghosts
  12 sea snakes
  6 deep elf archers
  A shadow demon (D:14)
  7 arcanists
  2 glowing orange brains (shapeshifter)
  11 lindwurms
  8 mana vipers
  2 phantasmal warriors
  7 ironbound convokers
  4 orc knights
  4 naga ritualists
  25 harpies
  2 necromancers
  Pikel (D:4)
  3 orc sorcerers (Orc:2)
  19 deep elf zephyrmancers
  21 deep elf pyromancers
  26 ugly things
  18 fauns
  3 cyclopes
  23 salamanders
  2 fauns (shapeshifter)
  19 manticores
  20 moths of wrath
  2 wolf spiders
  9 merfolk sirens
  31 black mambas
  2 ice statues (IceCv)
  8 vault sentinels
  2 kobold blastminers (Orc:2)
  An eye of devastation (Slime:3)
  A black mamba (shapeshifter) (Vaults:3)
  An eye of devastation (shapeshifter) (Elf:2)
  A torpor snail (Lair:4)
  18 naga magi
  15 elephants
  7 guardian serpents
  2 smoke demons
  5 water nymphs
  A hellion (Depths:4)
  22 cane toads
  Jeremiah (D:6)
  An unseen horror (shapeshifter) (D:15)
  A tormentor (Depths:4)
  7 rime drakes
  2 kobold demonologists
  3 ice devils (Depths:1)
  An unseen horror (D:11)
  An efreet (D:15)
  16 yaktaurs
  Psyche (D:7)
  2 freezing wraiths
  12 komodo dragons
  6 tengu conjurers
  19 merfolk
  A troll (shapeshifter) (D:13)
  A queen bee (Orc:1)
  7 trolls
  2 wind drakes
  2 tyrant leeches (Lair:5)
  2 raiju (shapeshifter) (D:13)
  Prince Ribbit (D:5)
  2 hornets (Depths:4)
  A tarantella (shapeshifter) (D:15)
  5 snapping turtles
  A glass eye (Slime:1)
  A shadow dragon simulacrum (Zot:2)
  46 blink frogs
  4 dream sheep (Shoals:3)
  3 air elementals
  2 shadows (D:9)
  37 slime creatures
  3 wyverns
  2 vampires
  17 fire elementals
  A yak (shapeshifter) (Elf:3)
  A spriggan (Depths:4)
  5 hogs (Snake:1)
  9 water elementals
  8 basilisks
  59 yaks
  4 wraiths
  3 golden eyes (Slime:5)
  A human (D:9)
  Grum (D:8)
  A hog (shapeshifter) (Elf:3)
  5 vampire mosquitoes
  A redback (shapeshifter) (Depths:2)
  8 wargs
  4 steam dragons
  A chaos spawn (Zot:5)
  43 nagas
  Menkaure (D:5)
  3 acid dragons
  A swamp worm (shapeshifter) (Vaults:4)
  13 water moccasins
  2 hell hounds (Elf:1)
  A moth of wrath simulacrum (Zot:2)
  49 orc warriors
  A sky beast (D:6)
  4 black bears
  3 laughing skulls
  5 centaurs
  6 boggarts
  10 wolves
  6 ogres
  4 lemures
  3 kobold brigands
  2 brain worms (Sewer)
  An earth elemental (Elf:1)
  2 gnoll sergeants
  20 bullfrogs
  3 scorpions
  9 wights
  27 killer bees
  5 lindwurm simulacra (IceCv)
  4 electric eels
  15 jellies (Lair:4)
  3 bombardier beetles
  2 howler monkeys (D:8)
  7 komodo dragon simulacra (IceCv)
  4 centaur zombies (D:8)
  A hound (D:4)
  53 orc priests
  3 iguanas
  45 orc wizards
  A mummy (D:7)
  10 gnolls
  4 acid dragon simulacra (IceCv)
  8 adders
  2 river rats (D:3)
  A white imp (D:6)
  5 steam dragon simulacra (IceCv)
  2 ufetubi (D:6)
  2 ribbon worms
  2 dart slugs
  98 orcs
  6 ball pythons
  6 endoplasms
  8 giant cockroaches
  5 goblins
  7 hobgoblins
  11 jackals
  8 quokkas
  7 bats
  5 frilled lizards
  28 kobolds
  8 rats
  4 fulminant prisms
  A spectral weapon (Depths:2)
  6 tentacles
1888 creatures vanquished.

Vanquished Creatures (collateral kills)
  A dread lich (Vaults:5)
  Frederick (Depths:4)
  2 ancient liches
  An orb of fire (Zot:5)
  A Killer Klown (Zot:5)
  A curse toe (Zot:3)
  3 golden dragons
  Jorgrun (Shoals:3)
  7 tentacled monstrosities
  3 quicksilver dragons
  2 liches
  11 Orb Guardians
  A death cob (Zot:5)
  2 sphinxes
  2 acid blobs (Slime:5)
  A titan (Vaults:5)
  2 protean progenitors (Zot:4)
  3 tengu reavers (Vaults:5)
  6 shadow dragons
  A rockslime (Slime:5)
  6 storm dragons
  4 fire giants
  3 draconian monks
  A deep elf sorcerer (Vaults:5)
  A draconian knight (Zot:5)
  An azure jelly (Slime:4)
  A draconian shifter (Zot:3)
  2 ghost moths
  2 frost giants
  4 deep elf elementalists (Elf:3)
  7 vault wardens (Vaults:5)
  A draconian stormcaller (Zot:3)
  2 ironbound preservers
  3 draconian annihilators (Zot:4)
  A formless jellyfish (Vaults:4)
  4 very ugly things
  3 quicksilver oozes (Slime:5)
  An ironbound thunderhulk (Vaults:2)
  5 stone giants
  4 black draconians
  3 green draconians
  4 deep elf annihilators
  A lorocyproca (D:5)
  A spark wasp (Depths:4)
  2 deep elf death magi
  2 dire elephants (Vaults:1)
  8 red draconians
  6 yellow draconians
  A purple draconian (Zot:3)
  A white draconian (Zot:5)
  4 ettins
  A blizzard demon (Depths:1)
  5 fire dragons
  2 merfolk impalers
  3 great orbs of eyes
  A salamander tyrant (Snake:4)
  An entropy weaver (Vaults:4)
  3 ice dragons
  6 yaktaur captains
  2 ironbound frosthearts
  A centaur warrior (Vaults:2)
  2 vault guards (Vaults:4)
  3 hydras (Elf:1)
  2 merfolk avatars (Shoals:4)
  3 anacondas
  An alligator snapping turtle (Shoals:4)
  A tengu warrior (Depths:1)
  2 deep troll shamans (Depths:1)
  A deep troll earth mage (Depths:2)
  14 dancing weapons
  2 vampire magi
  2 naga warriors (Snake:4)
  3 naga sharpshooters
  A shock serpent (shapeshifter) (Depths:1)
  A shadow wraith (Vaults:5)
  4 deep elf knights
  A skyshark (shapeshifter) (Vaults:2)
  3 sea snakes
  A mana viper (Snake:4)
  A lindwurm (Snake:4)
  15 deep trolls
  2 arcanists
  5 ironbound convokers
  7 deep elf zephyrmancers
  7 harpies
  2 phantasmal warriors
  2 deep elf archers
  2 fauns (Shoals:2)
  12 ugly things
  2 shining eyes
  9 deep elf pyromancers
  6 manticores
  9 moths of wrath
  A cyclops (Vaults:1)
  3 salamanders
  A naga mage (Snake:2)
  2 guardian serpents (Snake:4)
  3 black mambas
  3 vault sentinels
  A water nymph (shapeshifter) (Vaults:3)
  3 eyes of devastation
  14 yaktaurs
  An ice devil (Depths:1)
  A tengu conjurer (Depths:3)
  3 merfolk
  A troll (Elf:2)
  A glass eye (Depths:2)
  A dream sheep (Vaults:5)
  A tarantella (shapeshifter) (Elf:3)
  4 snapping turtles
  3 wind drakes
  A spriggan (Depths:4)
  31 slime creatures
  3 water elementals
  An air elemental (Elf:2)
  2 fire elementals
  A golden eye (Slime:5)
  5 nagas
  4 hell hounds (Elf:1)
  A moth of wrath simulacrum (Zot:2)
  A scorpion (shapeshifter) (Elf:2)
  An orc (Elf:1)
  An aspiring flesh (Zot:3)
393 creatures vanquished.

Vanquished Creatures (others)
  2 deep elf master archers (Elf:3)
  2 stone giants
  4 yaktaur captains
  A vault guard (Vaults:4)
  An occultist (Depths:3)
  A deep elf archer (Elf:3)
  A deep elf pyromancer (D:7)
  A vault sentinel (Vaults:5)
  8 yaktaurs
  6 ancestors
  30 knights
  A small abomination (Depths:4)
  An orc wizard (Orc:2)
  40 foxfires
  271 fulminant prisms
  14 tentacles
384 creatures vanquished.

Grand Total: 2665 creatures vanquished

Notes
Turn   | Place    | Note
-------+----------+-------------------------------------------
     0 | D:1      | NormalPerson7 the Armataur Cinder Acolyte began the quest
                  | for the Orb.
     0 | D:1      | Reached XP level 1. HP: 18/18 MP: 2/2
   118 | D:1      | Reached skill level 3 in Fire Magic
   118 | D:1      | Reached XP level 2. HP: 25/25 MP: 3/3
   121 | D:1      | Learned a level 2 spell: Scorch
   772 | D:1      | Reached XP level 3. HP: 28/30 MP: 1/4
  2069 | D:2      | Identified the +9 falchion "Padisch" {pain, rF++ Int+2}
  2141 | D:2      | Reached skill level 4 in Fire Magic
  2497 | D:2      | You fall into a shaft and drop 2 floors!
  2519 | D:4      | Reached skill level 1 in Long Blades
  2519 | D:4      | Reached XP level 4. HP: 36/37 MP: 0/5
  3127 | D:4      | Reached XP level 5. HP: 42/42 MP: 3/6
  3542 | D:3      | Found a glowing drain.
  3546 | Sewer    | Entered a sewer
  3764 | Sewer    | Reached skill level 5 in Fire Magic
  3764 | Sewer    | Reached XP level 6. HP: 50/50 MP: 2/7
  5010 | D:2      | Found Igil's General Store.
  6457 | D:4      | Noticed Pikel
  6553 | D:4      | Gained mutation: You regenerate magic and health when
                  | rolling toward enemies. (Rampage Regen) [Armataur growth]
  6553 | D:4      | Reached XP level 7. HP: 15/57 MP: 1/8
  6773 | D:4      | Found a staircase to the Ecumenical Temple.
  6817 | D:4      | Learned a level 3 spell: Volatile Blastmotes
  6837 | D:4      | Found a basalt altar of Yredelemnul.
  6970 | Temple   | Entered the Ecumenical Temple
  7453 | D:4      | Killed Pikel
  7454 | D:4      | Reached skill level 5 in Long Blades
  7454 | D:4      | Reached XP level 8. HP: 48/67 MP: 1/9
  7679 | D:5      | Entered Level 5 of the Dungeon
  7964 | D:5      | Found a radiant altar of Vehumet.
  8033 | D:5      | Noticed Prince Ribbit
  8040 | D:5      | Killed Prince Ribbit
  8192 | D:5      | Noticed Menkaure
  8509 | D:5      | Reached skill level 1 in Evocations
  8719 | D:5      | Killed Menkaure
  8922 | D:6      | Noticed Jeremiah
  9503 | D:6      | Found a sacrificial altar of Ru.
 10554 | D:6      | Killed Jeremiah
 10555 | D:6      | Reached skill level 5 in Translocations
 10728 | D:6      | Reached skill level 5 in Fighting
 10728 | D:6      | Reached XP level 9. HP: 74/74 MP: 3/10
 10878 | D:6      | Found a shadowy altar of Dithmenos.
 11302 | D:7      | Found a hide-covered altar of Uskayaw.
 11513 | D:7      | Reached skill level 5 in Evocations
 11662 | D:7      | Reached skill level 1 in Conjurations
 12534 | D:7      | Noticed a deep elf pyromancer
 12555 | D:7      | Killed a deep elf pyromancer
 13179 | D:8      | Noticed Psyche
 13263 | D:8      | Noticed Grum
 13524 | D:7      | Killed Psyche
 13619 | D:7      | Reached XP level 10. HP: 51/84 MP: 1/11
 13766 | D:8      | Reached skill level 5 in Conjurations
 13944 | D:8      | Learned a level 4 spell: Iskenderun's Mystic Blast
 14149 | D:8      | Killed Grum
 15066 | D:8      | Found a burning altar of Makhleb.
 15149 | D:9      | Noticed a two-headed ogre
 15150 | D:9      | Noticed mn3067's ghost (novice TrFi)
 15151 | D:9      | Identified the +7 dire flail of a bailey {flame, rElec
                  | Int+4}
 15151 | D:9      | Noticed a two-headed ogre
 15152 | D:9      | Found a transporter.
 15153 | D:9      | Noticed a two-headed ogre
 15155 | D:9      | Noticed a two-headed ogre
 15159 | D:9      | Found a transporter.
 15181 | D:9      | Learned a level 1 spell: Necrotise
 16177 | D:9      | Found Wuekhosen's Armour Boutique.
 16428 | D:9      | Found a staircase to the Orcish Mines.
 16992 | D:9      | Noticed a two-headed ogre
 17809 | D:2      | Bought a potion of degeneration for 11 gold pieces
 17809 | D:2      | Bought a scroll of amnesia for 44 gold pieces
 18056 | D:9      | Killed a two-headed ogre
 18199 | D:10     | Entered Level 10 of the Dungeon
 18527 | D:9      | Reached XP level 11. HP: 68/91 MP: 3/16
 18821 | D:10     | Reached skill level 1 in Alchemy
 18919 | D:10     | Found a glowing silver altar of Zin.
 18976 | D:10     | Noticed a two-headed ogre
 19583 | D:10     | Learned a level 4 spell: Fulminant Prism
 19856 | D:10     | Noticed a two-headed ogre
 19872 | D:10     | Killed a two-headed ogre
 19975 | D:10     | Found a staircase to the Lair.
 20180 | D:10     | Found a glowing silver altar of Zin.
 20319 | D:10     | Killed a two-headed ogre
 20619 | D:11     | Reached skill level 5 in Alchemy
 21267 | D:11     | Noticed Fannar
 21289 | D:11     | Killed Fannar
 21523 | D:11     | Found a bloodstained altar of Trog.
 21523 | D:11     | Noticed a two-headed ogre
 21523 | D:11     | Noticed Pascal76's ghost (journeyman MiFi)
 21523 | D:11     | Noticed a two-headed ogre
 21534 | D:11     | Found a transporter.
 21534 | D:11     | Noticed a tengu warrior
 21542 | D:11     | Found a transporter.
 21831 | D:11     | Noticed a two-headed ogre
 21844 | D:11     | Killed a two-headed ogre
 21877 | D:11     | Learned a level 4 spell: Olgreb's Toxic Radiance
 22572 | Lair:1   | Entered Level 1 of the Lair of Beasts
 22990 | D:2      | Bought the +10 Black Knight's barding {ponderous, rPois
                  | rN+} for 697 gold pieces
 22990 | D:2      | Found the +10 Black Knight's barding {ponderous, rPois rN+}
 23757 | D:10     | Reached XP level 12. HP: 100/100 MP: 2/18
 24374 | Lair:1   | You fall into a shaft and drop 1 floor!
 25020 | Lair:1   | Reached skill level 5 in Spellcasting
 25595 | Lair:1   | Reached skill level 1 in Necromancy
 27437 | Lair:2   | Noticed a six-headed hydra
 27451 | Lair:2   | Killed a six-headed hydra
 27915 | Lair:3   | Reached XP level 13. HP: 107/107 MP: 7/20
 28418 | Lair:3   | Reached skill level 6 in Fire Magic
 29171 | Lair:3   | Found a staircase to the Snake Pit.
 29804 | Lair:3   | Reached skill level 7 in Fire Magic
 29919 | Lair:3   | Noticed Unwyh's ghost (journeyman TrDe)
 29930 | Lair:3   | Found a runed translucent gate.
 29930 | Lair:3   | Found a runed translucent gate.
 29932 | Lair:3   | Found a runed translucent gate.
 30422 | Lair:3   | Found a staircase to the Shoals.
 30954 | Lair:4   | Reached skill level 10 in Conjurations
 30954 | Lair:4   | Reached skill level 8 in Fire Magic
 31867 | Lair:4   | Reached skill level 9 in Fire Magic
 32144 | Lair:4   | Found the +3 giant club "Skullcrusher" {speed, Str+7}
 32829 | Lair:4   | Found a staircase to the Slime Pits.
 33121 | Lair:5   | Entered Level 5 of the Lair of Beasts
 33229 | Lair:5   | Noticed Morbidden's ghost (journeyman FoHu)
 33229 | Lair:5   | Found a runed translucent gate.
 33229 | Lair:5   | Found a runed translucent gate.
 33229 | Lair:5   | Found a runed translucent gate.
 33500 | Lair:4   | Reached XP level 14. HP: 74/115 MP: 12/21
 33506 | Lair:4   | Learned a level 5 spell: Fireball
 33958 | Lair:5   | Reached skill level 10 in Fire Magic
 35107 | Lair:4   | Found a staircase to the Slime Pits.
 37135 | Orc:1    | Entered Level 1 of the Orcish Mines
 37135 | Orc:1    | Noticed an orc warlord
 38262 | D:11     | Found a bloodstained altar of Trog.
 38273 | D:11     | Found a transporter.
 38282 | D:11     | Found a transporter.
 39555 | D:12     | Found a snail-covered altar of Cheibriados.
 40083 | D:13     | Found a gate to the Vaults.
 40155 | D:13     | Found a frozen archway.
 40165 | IceCv    | Entered an ice cave
 41077 | D:13     | Identified the +1 robe of the Komodo Dragon {rElec Str+5
                  | Int+3}
 41971 | D:14     | Noticed Nessos
 41990 | D:14     | Killed Nessos
 43080 | D:13     | Reached XP level 15. HP: 126/126 MP: 12/27
 43274 | D:14     | Learned a level 5 spell: Iskenderun's Battlesphere
 43884 | D:15     | Entered Level 15 of the Dungeon
 43886 | D:15     | Reached skill level 11 in Fire Magic
 43891 | D:15     | Reached skill level 10 in Fighting
 45120 | D:15     | Found a staircase to the Depths.
 46190 | Orc:1    | Reached skill level 1 in Armour
 46447 | Orc:2    | Entered Level 2 of the Orcish Mines
 47521 | Orc:2    | Found Baziemok's Armour Shoppe.
 47529 | Orc:2    | Found Biul's Magic Scroll Shoppe.
 48145 | Orc:2    | Reached skill level 10 in Spellcasting
 48482 | Orc:2    | Found a staircase to the Elven Halls.
 48487 | Orc:2    | Found Guhy's Armour Shoppe.
 48487 | Orc:2    | Found Ozoiqade's Magic Scroll Shoppe.
 48488 | Orc:2    | Found Eblygony's Weapon Emporium.
 48492 | Orc:2    | Found Eblygony's Antique Armour Emporium.
 48504 | Orc:2    | Bought a scroll of identify for 24 gold pieces
 48504 | Orc:2    | Bought a scroll of identify for 24 gold pieces
 48506 | Orc:2    | Bought a scroll of teleportation for 36 gold pieces
 48506 | Orc:2    | Bought a scroll of blinking for 90 gold pieces
 48506 | Orc:2    | Bought a scroll of fear for 48 gold pieces
 48506 | Orc:2    | Bought a scroll of teleportation for 36 gold pieces
 48736 | Orc:2    | Found Bamio's Jewellery Shoppe.
 48775 | Orc:2    | Bought a helmet for 153 gold pieces
 48780 | Orc:2    | Upgraded the game from 0.32-a0-460-gc8eefc90e7 to
                  | 0.32-a0-470-g255bbe2f98
 48958 | Temple   | Fell from the grace of Ignis
 48958 | Temple   | Became a worshipper of Hepliaklqana the Forgotten
 49140 | Lair:1   | Reached skill level 5 in Armour
 49279 | Orc:2    | Bought a scarf of resistance for 512 gold pieces
 49378 | D:8      | Killed mn3067's ghost
 49667 | D:11     | Reached skill level 1 in Ice Magic
 49685 | D:11     | You fall into a shaft and drop 1 floor!
 49945 | D:11     | Killed Pascal76's ghost
 50598 | Lair:4   | Reached skill level 1 in Shields
 50916 | Lair:5   | Killed Morbidden's ghost
 50917 | Lair:5   | Reached XP level 16. HP: 139/139 MP: 3/30
 51052 | Shoals:1 | Entered Level 1 of the Shoals
 51389 | Snake:1  | Entered Level 1 of the Snake Pit
 51595 | Snake:1  | Identified the serpent talisman "Cukyjop" {rF- rC++ Dex+3}
 51595 | Snake:1  | Noticed Aizul
 51605 | Snake:1  | Killed Aizul
 52413 | Snake:1  | Noticed Kirke
 52833 | Snake:1  | Reached skill level 1 in Air Magic
 53370 | Snake:1  | Reached skill level 5 in Ice Magic
 53445 | Snake:1  | You fall into a shaft and drop 1 floor!
 53455 | Snake:2  | You fall into a shaft and drop 1 floor!
 54006 | Snake:3  | Learned a level 5 spell: Freezing Cloud
 54093 | Snake:2  | Reached skill level 5 in Shields
 54139 | Snake:2  | Reached * piety under Hepliaklqana
 54163 | Snake:2  | You fall into a shaft and drop 1 floor!
 54832 | Snake:3  | Found Dishry's Antique Armour Boutique.
 55447 | Snake:2  | Reached skill level 5 in Air Magic
 55508 | Snake:2  | Was forgiven by Ignis
 55967 | Snake:1  | Killed Kirke
 56483 | Snake:3  | Noticed Louise
 56496 | Snake:3  | Killed Louise
 57231 | Snake:4  | Entered Level 4 of the Snake Pit
 57409 | Snake:4  | Reached XP level 17. HP: 113/131 MP: 17/31
 57435 | Snake:4  | Reached ** piety under Hepliaklqana
 57436 | Snake:4  | Remembered your ancestor AncientPerson7 as a knight
 58307 | Snake:4  | Noticed Roxanne
 60963 | Snake:4  | Reached skill level 10 in Shields
 61376 | Snake:4  | Got a serpentine rune of Zot
 61791 | Orc:2    | Bought a scroll of identify for 24 gold pieces
 61791 | Orc:2    | Identified a scroll of acquirement
 61792 | Orc:2    | Acquired the +3 kite shield of the Old and Reckless {rF+
                  | Will+ MP+9 Int-3 Dex-5}
 62655 | Shoals:1 | Noticed a kraken
 63060 | Shoals:1 | Found Poedier's Antique Armour Shop.
 63092 | Shoals:1 | Bought an ancient robe for 131 gold pieces
 63092 | Shoals:1 | Identified the +1 robe "Vuodommo" {Str+2} (You bought it in
                  | a shop on level 1 of the Shoals)
 63630 | Shoals:2 | Reached XP level 18. HP: 128/139 MP: 16/32
 64272 | Shoals:2 | Reached *** piety under Hepliaklqana
 64502 | Shoals:3 | Noticed Polyphemus
 64646 | Shoals:3 | Killed Polyphemus
 64646 | Shoals:3 | Noticed Jorgrun
 65168 | Shoals:3 | Killed Jorgrun
 65672 | Shoals:4 | Entered Level 4 of the Shoals
 67627 | Shoals:4 | Noticed Nikola
 67636 | Shoals:4 | Killed Nikola
 67864 | Shoals:4 | Identified the ring of Light {AC+4 Int+3}
 68070 | Shoals:4 | Got a barnacled rune of Zot
 68530 | Elf:1    | Entered Level 1 of the Elven Halls
 68831 | Elf:1    | Paralysed by an air elemental for 1 turns
 69021 | Elf:1    | Reached XP level 19. HP: 150/150 MP: 28/34
 69054 | Elf:1    | Paralysed by an air elemental for 1 turns
 69520 | Elf:1    | Got the Lectures on Fulmination
 70104 | Elf:1    | Reached skill level 15 in Fighting
 70136 | Elf:2    | Reached skill level 1 in Invocations
 71155 | Elf:2    | Paralysed by an air elemental for 1 turns
 71158 | Elf:2    | Paralysed by an air elemental for 1 turns
 71604 | Elf:2    | Found a runed translucent gate.
 71605 | Elf:2    | Found a runed translucent gate.
 71605 | Elf:2    | Found a runed translucent gate.
 73015 | Elf:3    | Entered Level 3 of the Elven Halls
 73080 | Elf:3    | Reached **** piety under Hepliaklqana
 73300 | Elf:3    | Found Hiczu's Elven Fire.
 73306 | Elf:3    | Reached skill level 1 in Short Blades
 74479 | Elf:3    | Reached skill level 5 in Invocations
 74720 | Elf:3    | Reached XP level 20. HP: 130/160 MP: 31/36
 75143 | Elf:3    | Reached skill level 5 in Short Blades
 75994 | Elf:3    | Paralysed by an air elemental for 1 turns
 76191 | Elf:3    | Identified the +10 quarterstaff of the Kidney {elec, MP+9
                  | Str+4}
 76191 | Elf:3    | Identified the ring "Feitzias" {rElec rPois rCorr Str+3
                  | Int-2 Dex+6}
 76450 | Elf:3    | Identified the +7 short sword of Equivalence {flame, rElec
                  | rPois rF++ Int-4}
 76718 | Elf:3    | Found the +8 storm bow {elec, penet}
 76718 | Elf:3    | Found the +2 pair of slick slippers {slick, slippery, EV+4}
 76734 | Elf:3    | Identified the staff "Ofaytweph" {rElec rCorr Str-2 Dex+5
                  | Conj Air}
 76741 | Elf:3    | Identified the +9 plate armour of Calapoatz {Harm}
 76794 | Elf:3    | Identified the +2 pair of boots "Miaxzyil" {rElec rN++
                  | Will+ Dex-4}
 77254 | Vaults:1 | Entered Level 1 of the Vaults
 77565 | Vaults:1 | Found Hemoq's Antique Armour Boutique.
 77684 | Vaults:1 | Found Nuur's Distillery.
 77693 | Vaults:1 | Bought 2 potions of curing for 78 gold pieces
 77693 | Vaults:1 | Bought a potion of haste for 130 gold pieces
 77693 | Vaults:1 | Bought a potion of enlightenment for 65 gold pieces
 77693 | Vaults:1 | Bought a potion of curing for 39 gold pieces
 77693 | Vaults:1 | Bought a potion of curing for 39 gold pieces
 77697 | Vaults:1 | Found Nykeshal's Magic Scroll Boutique.
 77796 | Vaults:1 | Bought a scroll of blinking for 105 gold pieces
 77826 | Vaults:1 | Reached ***** piety under Hepliaklqana
 78825 | Vaults:1 | Found Bogutomi's Jewellery Shoppe.
 78837 | Vaults:1 | Found Xugo Met's Magic Scroll Shoppe.
 78845 | Vaults:1 | Bought a scroll of butterflies for 64 gold pieces
 78867 | Vaults:1 | Reached skill level 10 in Short Blades
 80087 | Vaults:2 | Found Zaudigoo's Assorted Antiques.
 80092 | Vaults:2 | Bought a scroll of butterflies for 100 gold pieces
 80141 | Vaults:2 | Reached XP level 21. HP: 165/165 MP: 37/37
 80390 | Vaults:2 | Found Geunlefoos's General Store.
 80565 | Vaults:2 | Found Exiwa's Book Emporium.
 80569 | Vaults:2 | Bought a book of Storms for 390 gold pieces
 80574 | Vaults:2 | Learned a level 4 spell: Summon Lightning Spire
 81308 | Vaults:2 | Found a staircase to the Crypt.
 81736 | Vaults:2 | Found Geunlefoos's General Store.
 81787 | Vaults:2 | Found a staircase to the Crypt.
 81931 | Vaults:2 | Found Exiwa's Book Emporium.
 82309 | Vaults:2 | Found Zaudigoo's Assorted Antiques.
 82846 | Vaults:3 | Noticed Donald
 82859 | Vaults:3 | Killed Donald
 83246 | Vaults:3 | Found Fasuk's Assorted Antiques.
 83251 | Vaults:3 | Bought a potion of resistance for 320 gold pieces
 83251 | Vaults:3 | Bought a dazzling scimitar for 288 gold pieces
 83251 | Vaults:3 | Identified the +7 scimitar "Wasiroly" {flame, Dex+3} (You
                  | bought it in a shop on level 3 of the Vaults)
 83561 | Vaults:3 | Noticed an ancient lich
 83571 | Vaults:3 | Killed an ancient lich
 83600 | Vaults:3 | Noticed an ancient lich
 83611 | Vaults:3 | Killed an ancient lich
 83767 | Vaults:3 | Identified the ring "Vuufetri" {rC+ rCorr Dex+3}
 83778 | Vaults:3 | Learned a level 1 spell: Apportation
 84998 | Vaults:4 | Reached skill level 10 in Armour
 85684 | Vaults:4 | Found a transporter.
 85684 | Vaults:4 | Found a transporter.
 85935 | Vaults:4 | Reached skill level 10 in Invocations
 86632 | Vaults:4 | Identified the ring "Daukawki" {EV+5 Dex+5 Slay+3}
 86973 | Shoals:1 | Bought a shiny ring mail for 161 gold pieces
 86973 | Shoals:1 | Bought a pair of glowing gloves for 172 gold pieces
 87254 | Depths:1 | Entered Level 1 of the Depths
 87541 | Depths:1 | Found a one-way gateway to a ziggurat.
 87571 | Depths:1 | Reached XP level 22. HP: 163/172 MP: 30/38
 87791 | Depths:1 | Reached skill level 15 in Shields
 87949 | Depths:1 | Reached ****** piety under Hepliaklqana
 88348 | Depths:1 | Found a gateway to Hell.
 89115 | Depths:2 | Found Raozoi's Assorted Antiques.
 89169 | Depths:2 | Found Face's Jewellery Shop.
 89173 | Depths:2 | Got the Dissertation on Sizzling Fog
 89223 | Depths:2 | Learned a level 5 spell: Arcjolt
 89348 | Depths:2 | Found Ruxtaa's Armour Shop.
 89356 | Depths:2 | Noticed Asterion
 89364 | Depths:2 | Killed Asterion
 89722 | Depths:2 | Reached skill level 12 in Fire Magic
 89959 | Depths:2 | Found Diohogg's General Store.
 90398 | Depths:2 | Noticed a golden dragon
 90421 | Depths:2 | Noticed a golden dragon
 90928 | Vaults:2 | Bought a book of Minor Magic for 240 gold pieces
 90931 | Vaults:2 | Learned a level 2 spell: Blink
 91431 | Depths:2 | Reached skill level 13 in Fire Magic
 91495 | Depths:2 | Identified the amulet "Keur" {Faith *Slow Regen+ rCorr
                  | Int+6}
 91510 | Depths:2 | Killed a golden dragon
 91740 | Depths:2 | Banished a golden dragon
 91920 | Depths:2 | Reached skill level 14 in Fire Magic
 91971 | Depths:2 | Bought a scroll of blinking for 157 gold pieces
 92020 | Depths:2 | Noticed a juggernaut
 92050 | Depths:2 | Killed a juggernaut
 92433 | Depths:2 | Found a one-way gate leading to the halls of Pandemonium.
 92773 | Depths:3 | Found a one-way gate to the infinite horrors of the Abyss.
 92951 | Depths:3 | Reached skill level 15 in Fire Magic
 93025 | Depths:3 | Found a transporter.
 93206 | Depths:3 | Found Noakudao's Antique Armour Emporium.
 93214 | Depths:3 | Bought a bloodstained leather armour for 343 gold pieces
 93214 | Depths:3 | Identified the +2 leather armour "Sumimeum" {rPois Int+2}
                  | (You bought it in a shop on level 3 of the Depths)
 93214 | Depths:3 | Bought a faintly humming ring mail for 441 gold pieces
 93214 | Depths:3 | Identified the +3 ring mail "Xeelotaj" {Rampage Dex+3} (You
                  | bought it in a shop on level 3 of the Depths)
 93571 | Depths:3 | Found a radiant altar of Vehumet.
 93597 | Depths:3 | Found a transporter.
 93811 | Depths:4 | Entered Level 4 of the Depths
 93880 | Depths:4 | Identified the orb of the Evening Star {*channel, Dex+4}
 93880 | Depths:4 | Noticed Frederick
 93890 | Depths:4 | Killed Frederick
 93891 | Depths:4 | Reached XP level 23. HP: 88/179 MP: 13/39
 93892 | Depths:4 | Noticed Mennas
 94885 | Depths:4 | Killed Mennas
 95039 | Depths:4 | Reached skill level 16 in Fire Magic
 95579 | Depths:4 | Found a gate to the Realm of Zot.
 96366 | Lair:3   | Killed Unwyh's ghost
 96461 | Slime:1  | Entered Level 1 of the Pits of Slime
 96593 | Slime:2  | Noticed Dissolution
 96605 | Slime:2  | Gained mutation: Your health recovers twice as slowly from
                  | being drained. [a shining eye]
 96608 | Slime:2  | Gained mutation: You are weak. (Str -2) [a shining eye]
 96609 | Slime:2  | Gained mutation: You are dopey. (Int -2) [a shining eye]
 96610 | Slime:2  | Gained mutation: You expend magic power (3 MP) to
                  | strengthen your wands. [a shining eye]
 96610 | Slime:2  | Gained mutation: You have hidden genetic defects. [a
                  | shining eye]
 96610 | Slime:2  | Gained mutation: Your magical capacity is low. (-10% MP) [a
                  | shining eye]
 96611 | Slime:2  | Gained mutation: You occasionally shout uncontrollably at
                  | your foes. [a shining eye]
 96612 | Slime:2  | Killed Dissolution
 97080 | Slime:4  | Reached skill level 17 in Fire Magic
 97996 | Vaults:2 | Bought a potion of haste for 220 gold pieces
 97996 | Vaults:2 | Bought a potion of haste for 220 gold pieces
 98267 | Slime:5  | Entered Level 5 of the Pits of Slime
 98378 | Slime:4  | Gained mutation: You are frail. (-10% HP) [hidden defects]
 99515 | Slime:5  | Found a viscous altar of Jiyva.
 99945 | Slime:5  | Noticed the Royal Jelly
 99972 | Slime:5  | Killed the Royal Jelly
100974 | Slime:5  | Identified the +0 ring mail "Vitotut" {Dex+2}
101061 | Slime:5  | Got a slimy rune of Zot
101062 | Slime:5  | Identified the ring "Xuz Apo" {Fire Str+4}
101086 | Slime:5  | Identified the +6 dire flail "Jysuf" {flame, Str+3}
101116 | Slime:5  | Identified the +2 falchion "Ejaummel" {venom, rC- Will+
                  | MP+9 Int+3}
101537 | Vaults:4 | Learned a level 8 spell: Ignition
101540 | Vaults:5 | Entered Level 5 of the Vaults
101608 | Vaults:5 | Reached skill level 18 in Fire Magic
101624 | Vaults:4 | Gained mutation: Your body sometimes deteriorates upon
                  | taking damage. [hidden defects]
101624 | Vaults:4 | Lost mutation: You have hidden genetic defects. [hidden
                  | defects expressed]
101732 | Vaults:4 | Lost mutation: You occasionally shout uncontrollably at
                  | your foes. [potion of mutation]
101732 | Vaults:4 | Lost mutation: Your magical capacity is low. (-10% MP)
                  | [potion of mutation]
101733 | Vaults:4 | Lost mutation: Your body sometimes deteriorates upon taking
                  | damage. [potion of mutation]
101733 | Vaults:4 | Lost mutation: You are dopey. (Int -2) [potion of mutation]
101733 | Vaults:4 | Lost mutation: Your health recovers twice as slowly from
                  | being drained. [potion of mutation]
101733 | Vaults:4 | Gained mutation: Your spells are a little easier to cast,
                  | but a little less powerful. [potion of mutation]
101733 | Vaults:4 | Gained mutation: Your mind is acute. (Int +4, Str/Dex -1)
                  | [potion of mutation]
102071 | Vaults:5 | Reached XP level 24. HP: 164/164 MP: 35/40
102236 | Vaults:5 | Reached skill level 19 in Fire Magic
102909 | Vaults:5 | Got a silver rune of Zot
102999 | Vaults:5 | Identified the +5 great mace of the Asp {spect, rPois Will+
                  | Int+3}
103031 | Vaults:5 | Noticed a dread lich
103037 | Vaults:5 | Killed a dread lich
103166 | Vaults:5 | Reached skill level 20 in Fire Magic
103409 | Vaults:5 | Noticed a dread lich
103425 | Vaults:5 | Killed a dread lich
103517 | Vaults:5 | Identified the +4 scale mail "Guasos" {Str+6}
103705 | Vaults:5 | Identified the ring of Yendor {Will++ Dex+6 Slay+3}
104567 | Vaults:5 | Identified the staff "Pogguqaj" {rN+ Will++ rCorr Necro}
105155 | Vaults:5 | Learned a level 6 spell: Bombard
105852 | Vaults:5 | Reached skill level 1 in Earth Magic
106885 | Zot:1    | Entered Level 1 of the Realm of Zot
107241 | Zot:1    | Noticed an orb of fire
107243 | Zot:1    | Gained mutation: You are occasionally teleported next to
                  | monsters. [an orb of fire]
107244 | Zot:1    | Gained mutation: Your body sometimes deteriorates upon
                  | taking damage. [an orb of fire]
107256 | Zot:1    | Banished an orb of fire
107257 | Zot:1    | Reached skill level 5 in Earth Magic
107264 | Zot:1    | Lost mutation: You are occasionally teleported next to
                  | monsters. [potion of mutation]
107264 | Zot:1    | Lost mutation: Your body sometimes deteriorates upon taking
                  | damage. [potion of mutation]
107264 | Zot:1    | Lost mutation: Your spells are a little easier to cast, but
                  | a little less powerful. [potion of mutation]
107264 | Zot:1    | Gained mutation: You are clumsy. (Dex -2) [potion of
                  | mutation]
107264 | Zot:1    | Lost mutation: Your mind is acute. (Int +4, Str/Dex -1)
                  | [potion of mutation]
107264 | Zot:1    | Gained mutation: Your health recovers twice as slowly from
                  | being drained. [potion of mutation]
107588 | Zot:1    | Noticed Vv
107694 | Zot:1    | Banished Vv
108394 | Zot:2    | Noticed a Killer Klown
108490 | Zot:2    | Identified the staff "Yddor" {+Blink rC+ Str-2 Conj Ice
                  | Air}
108490 | Zot:2    | Identified the ring "Rezuwax" {Ice +Blink Str-3 Int-5
                  | Dex+6}
108490 | Zot:2    | Noticed Josephina
108508 | Zot:2    | Killed Josephina
109558 | Zot:2    | Banished a Killer Klown
111334 | Zot:3    | Reached skill level 10 in Earth Magic
111454 | Zot:3    | Noticed a Killer Klown
111467 | Zot:3    | Killed a Killer Klown
111468 | Zot:3    | Reached XP level 25. HP: 172/174 MP: 39/40
113141 | Zot:3    | Noticed an orb of fire
113155 | Zot:3    | Killed an orb of fire
113386 | Zot:3    | Found a stormy altar of Qazlal.
113778 | Zot:3    | Found a stormy altar of Qazlal.
113975 | Zot:3    | You fall into a shaft and drop 1 floor!
114529 | Zot:3    | Found a stormy altar of Qazlal.
114534 | Zot:3    | Found a burning altar of Makhleb.
114814 | Zot:4    | Identified the +2 falchion "Feneiro" {holy, Will- Str+4
                  | Dex+2}
117606 | Zot:5    | Entered Level 5 of the Realm of Zot
117940 | Zot:5    | Reached skill level 1 in Dodging
120250 | Zot:5    | Identified the +9 short sword "Jeterute" {flame, Str+2}
120387 | Zot:5    | Noticed a Killer Klown
120400 | Zot:5    | Banished a Killer Klown
120634 | Zot:5    | Noticed an orb of fire
120635 | Zot:5    | Gained mutation: You are very frail. (-20% HP) [an orb of
                  | fire]
120636 | Zot:5    | Lost mutation: You expend magic power (3 MP) to strengthen
                  | your wands. [an orb of fire]
120650 | Zot:5    | Killed an orb of fire
120651 | Zot:5    | Reached XP level 26. HP: 121/163 MP: 5/40
120827 | Zot:5    | Lost mutation: You are weak. (Str -2) [potion of mutation]
120827 | Zot:5    | Lost mutation: Your health recovers twice as slowly from
                  | being drained. [potion of mutation]
120827 | Zot:5    | Gained mutation: Your spells are a little harder to cast,
                  | but a little more powerful. [potion of mutation]
120827 | Zot:5    | Gained mutation: You sometimes lose your temper in combat.
                  | [potion of mutation]
120828 | Zot:5    | Lost mutation: You are very frail. (-20% HP) [potion of
                  | mutation]
120828 | Zot:5    | Lost mutation: You sometimes lose your temper in combat.
                  | [potion of mutation]
120828 | Zot:5    | Gained mutation: You have a beak for a mouth. [potion of
                  | mutation]
120828 | Zot:5    | Gained mutation: You are strong-willed. (Will+) [potion of
                  | mutation]
120828 | Zot:5    | Gained mutation: Your spells are harder to cast, but more
                  | powerful. [potion of mutation]
121336 | Vaults:1 | Bought a scroll of enchant armour for 105 gold pieces
122319 | Zot:5    | Noticed an ancient lich
122329 | Zot:5    | Killed an ancient lich
123343 | Zot:5    | Noticed an orb of fire
123353 | Zot:5    | Killed an orb of fire
123356 | Zot:5    | Noticed an orb of fire
123358 | Zot:5    | Noticed an orb of fire
123372 | Zot:5    | Banished an orb of fire
123383 | Zot:5    | Killed an orb of fire
123869 | Zot:5    | Noticed an ancient lich
123888 | Zot:5    | Killed an ancient lich
125022 | Zot:5    | Got the Orb of Zot
125188 | Depths:4 | Noticed Dottab the pandemonium lord
125640 | D:$      | Escaped with the Orb!

Illustrated notes

Levels and vault maps discovered:
D:1:      matt_arrival_diagonals, layout_basic
D:2:      layout_loops_ring, serial_shops, shop, minivault_4
D:3:      layout_basic, gup_sewer_entry_spiral, chequers_serial_rivers_large_a
D:4:      layout_loops_ring, mainiacjoe_overflow_chevrons,
          minmay_temple_entry_butterflies, serial_library_hellmonk_layered_room,
          uniq_pikel
D:5:      layout_cave_pods, mainiacjoe_overflow_alcove_2, uniq_menkaure,
          uniq_prince_ribbit1
D:6:      layout_gridville, general_overflow_altar,
          nicolae_dithmenos_shadow_blocks, uniq_jeremiah
D:7:      layout_basic, nicolae_overflow_crystal_walls, grunt_ministairs_13,
          st_stairs_10, guppyfry_early_elven_hall
D:8:      layout_basic, kennysheep_little_box, serial_bayou_pond_e,
          minivault_22, minmay_mini_ossuary, uniq_grum, uniq_psyche
D:9:      layout_roguey, erik_orc_4, serial_shops,
          nicolae_shop_pleasant_corner_grove, gammafunk_ghost_smash,
          hangedman_decor_lopped, grunt_decor_cap, kennysheep_small_square
D:10:     layout_irregular_city, mainiacjoe_overflow_24_doors, lair_entry_dummy,
          serial_glass, glass_columns_c, glass_columns_a,
          minmay_gold_behind_fungi
D:11:     minmay_general_purpose_star, layout_grid_maze,
          gammafunk_ghost_wrathful_warriors, uniq_fannar
D:12:     layout_layer_cave, cheibriados_altar_1
D:13:     minmay_dotted_concentric_squares, layout_loops_corners,
          david_vaults_4, portal_ice_cave_entry_pillars_1
D:14:     layout_loops_cross, serial_aquarium, aquarium_bridge_square
          [aquarium_subvault_bridge, aquarium_subvault_bridge,
          aquarium_subvault_bridge, aquarium_subvault_bridge],
          aquarium_bridge_square [aquarium_subvault_wall,
          aquarium_subvault_bridge, aquarium_subvault_wall,
          aquarium_subvault_window], aquarium_window_fake, aquarium_window_1,
          aquarium_window_fake, aquarium_window_fake, aquarium_view_2c,
          aquarium_balcony_3a, serial_bayou_lake_a, uniq_nessos
D:15:     gammafunk_enter_depths_forms, layout_irregular_city, nrook_uturn
Temple:   hellmonk_temple_two_chambers
Lair:1:   statuecave_lemuel, layout_misc_corridors
Lair:2:   layout_layer_cave, dreamdust_mushroom_princess, serial_bayou_lagoon_a
Lair:3:   layout_small_grid, minmay_shoals_entry_lonely_mermaid,
          guppyfry_snake_entry_garden, gammafunk_ghost_split
Lair:4:   layout_regular_city, minmay_slime_entry_jelly_boxes,
          grunt_megastairs_4, lemuel_fruit_tree
Lair:5:   minmay_lair_end_frog_pond, layout_regular_city,
          ebering_ghost_rock_garden
Shoals:1: layout_shoals, serial_shops, nicolae_shop_scrapyard,
          nicolae_shoals_gull_way
Shoals:2: layout_shoals
Shoals:3: nicolae_shoals_island_circles, layout_shoals, uniq_polyphemus,
          uniq_jorgrun
Shoals:4: shoals_end_hangedman, layout_shoals, uniq_nikola
Snake:1:  layout_chambers, uniq_kirke, uniq_aizul
Snake:2:  layout_misc_corridors, serial_bayou_shore_b
Snake:3:  layout_basic, st_stairs_7, nicolae_stop_n_shop_2, grunt_ministairs_8,
          uniq_louise
Snake:4:  snake_pit_salamanders_mu, layout_onion_interference, uniq_roxanne
Slime:1:  layout_caves
Slime:2:  cheibrodos_slime_lost_civilization_10, layout_caves, uniq_dissolution
Slime:3:  layout_caves
Slime:4:  layout_caves
Slime:5:  slime_pit_nicolae_amoeboid
Orc:1:    layout_caves, special_room [special_room_bee], serial_shops
Orc:2:    st_orc_mages, layout_diamond_mine, serial_shops, shop,
          nicolae_shop_gaudy_bauble, shop_statue
Elf:1:    eino_elf_arrival_the_gate, layout_geoelf_diagonals, special_room
          [special_room_mythical_zoo], minmay_elf_annihilation
Elf:2:    nicolae_elf_blades_crystal_corner, layout_loops_cross,
          nicolae_elf_crossing_hall
Elf:3:    minmay_elf_hall_hex, layout_loops_corners, grunt_ministairs_7,
          guppyfry_elf_lava
Vaults:1: nicolae_vaults_back_hallway, st_star, nicolae_vaults_surprise_closet,
          v_misc_3, nicolae_vaults_network_periphery, nicolae_vaults_diamond_1,
          layout_vaults_chaotic_city, serial_shops, shop,
          nicolae_shop_tiny_statue_garden, shop, nicolae_shop_industrial_runoff,
          shop
Vaults:2: nicolae_vaults_heart-shaped_vault,
          nicolae_vaults_offset_grid_hallway_3, grunt_vaults_funnel,
          ontoclasm_vaults_pinch, nicolae_vaults_rhombus_6,
          nicolae_vaults_apartment_2, v_misc_2, ontoclasm_vaults_loading_screen,
          ontoclasm_vaults_loading_screen, layout_vaults_omnigrid,
          minmay_crypt_entry_simple_statues, serial_shops, nicolae_square_shop,
          shop, nicolae_shop_tiny_statue_garden
Vaults:3: v_misc_4, nicolae_vaults_stepped_doors, nicolae_vaults_shock_wave,
          nicolae_vaults_shrinking_rooms_2, nicolae_vaults_closet_pinwheel_1,
          nicolae_vaults_storage_room_glass, vaults_mumra_chevron,
          nicolae_vaults_circle_grid_b, v_misc_18, nicolae_vaults_trapezoid_2,
          v_misc_26, nicolae_vaults_house_3, layout_vaults_ring, serial_shops,
          shop, uniq_donald
Vaults:4: nicolae_vaults_angled_halls, gammafunk_the_bubble
          [the_bubble_gammafunk_split], vaults_mumra_minichess,
          nicolae_vaults_theta, nicolae_vaults_mini_display_case,
          hangedman_vaults_nodes, vaults_room_door_ring, vaults_room_corners,
          nicolae_vaults_little_squares_1, ontoclasm_vaults_chip,
          ontoclasm_vaults_twist, grunt_vaults_hallway_short,
          layout_vaults_omnibox
Vaults:5
Depths:1: layout_cave_shapes, enter_ziggurat_d, hangedman_tar_grid_catacomb,
          minmay_fire_ice_demons, roderic_lattice_octagonal_star,
          grunt_megastairs_1
Depths:2: minmay_the_grid_square_5x5_4x4
          [minmay_the_grid_square_5x5_eight_small,
          minmay_the_grid_square_5x5_bridge, minmay_the_grid_square_5x5_spiral,
          minmay_the_grid_square_5x5_two, minmay_the_grid_square_5x5_hourglass,
          minmay_the_grid_square_5x5_prize_deathbox,
          minmay_the_grid_square_5x5_prize_gold,
          minmay_the_grid_square_5x5_inverted_slash,
          minmay_the_grid_square_5x5_six,
          minmay_the_grid_square_5x5_prize_pseudospiral,
          minmay_the_grid_square_5x5_prize_waves,
          minmay_the_grid_square_5x5_fat_x, minmay_the_grid_square_5x5_shuriken,
          minmay_the_grid_square_5x5_beaten_path,
          minmay_the_grid_square_5x5_doubleslash,
          minmay_the_grid_square_5x5_longway], layout_gridville, serial_shops,
          nicolae_diamond_shop, shop, shop, nicolae_shop_behind_doors,
          nicolae_shop_behind_doors, serial_glass, glass_columns_c,
          glass_columns_a, pan_entry, pf_dread_powers_of_hell, uniq_asterion
Depths:3: gammafunk_sealed_library, layout_cave_pools, hangedman_glass_teeth,
          hell_entry, abyss_entry, serial_shops, nicolae_shop_statue_plus,
          minmay_misc_feat_doors
Depths:4: evilmike_zot_entry_gauntlet, layout_honeycomb, rand_demon_pan_entry_9,
          hell_entry, serial_bayou_pond_b, grunt_decor_arrowhead,
          serial_bayou_shore_b, uniq_mennas, uniq_frederick
Zot:1:    layout_onion, uniq_vv
Zot:2:    layout_gridlike, grunt_megastairs_5, uniq_josephina
Zot:3:    lemuel_draconian_sentries, layout_onion_interference, st_stairs_12,
          regret_index_zotdec_zees, grunt_megastairs_2
Zot:4:    layout_concentric_octagons, hangedman_zot_gyre, guppyfry_library_mini
Zot:5:    layout_basic

Skill      XL: |  1  2  3  4  5  6  7  8  9 10 11 12 13 14 15 16 17 18 19 20 21 22 23 24 25 26 |
---------------+-------------------------------------------------------------------------------+-----
Maces & Flails | 3 |  3.0
Fire Magic     | 3 4 5 9 10 11 15 18 20 | 20.4
Long Blades    | 1 3 4 5 6 8 |  8.0
Fighting       | 3 4 5 6 7 8 9 12 14 15 16 18 19 | 19.6
Translocations | 2 5 8 |  8.0
Evocations     | 4 5 7 8 |  8.0
Conjurations   | 4 7 8 9 10 11 12 13 | 13.0
Spellcasting   | 3 4 5 8 10 11 12 13 | 13.0
Alchemy        | 7 9 |  9.0
Necromancy     | 3 |  3.0
Armour         | 5 8 11 13 14 | 14.0
Ice Magic      | 3 7 9 |  9.6
Shields        | 1 6 11 12 13 14 15 | 15.0
Air Magic      | 6 8 |  8.0
Invocations    | 5 8 10 11 | 11.4
Short Blades   | 4 11 13 | 13.1
Earth Magic    | 10 13 | 13.0
Dodging        | 2 4 |  4.7

Action                     |  1- 3 |  4- 6 |  7- 9 | 10-12 | 13-15 | 16-18 | 19-21 | 22-24 | 25-27 || total
---------------------------+-------+-------+-------+-------+-------+-------+-------+-------+-------++-------
  Melee: Mace              |    30 |       |       |       |       |       |       |       |       ||    30
         Tailslap          |     2 |       |     5 |    30 |    39 |    12 |   143 |   248 |    93 ||   572
         Falchion          |     9 |    20 |    73 |   202 |   202 |    29 |       |       |       ||   535
         Scimitar          |       |       |       |       |       |    57 |    60 |       |       ||   117
         Quick blade       |       |       |       |       |       |       |   522 |   973 |   397 ||  1892
         Peck              |       |       |       |       |       |       |       |       |    22 ||    22
   Fire: Sling             |    26 |     7 |     4 |       |       |       |       |       |       ||    37
         Shortbow          |       |       |     4 |       |       |       |       |       |       ||     4
  Throw: Stone             |     4 |       |       |       |       |       |       |       |       ||     4
         Dart              |       |       |       |     6 |       |       |       |       |       ||     6
         Boomerang         |       |       |       |     2 |       |       |       |       |       ||     2
         Javelin           |       |       |       |       |     1 |       |       |       |       ||     1
         Throwing net      |       |       |       |       |       |       |       |     1 |     2 ||     3
   Cast: Scorch            |    33 |    81 |   149 |   200 |   187 |    47 |       |     2 |       ||   699
         Volatile Blastmot |       |       |    14 |   109 |    87 |     4 |       |       |       ||   214
         Iskenderun's Myst |       |       |       |    10 |    37 |   114 |    12 |    29 |     3 ||   205
         Necrotise         |       |       |       |     8 |       |       |       |       |       ||     8
         Olgreb's Toxic Ra |       |       |       |    51 |   130 |       |     9 |     1 |       ||   191
         Fulminant Prism   |       |       |       |    13 |    68 |    63 |    84 |    23 |    25 ||   276
         Fireball          |       |       |       |       |   349 |   415 |   369 |   337 |    42 ||  1512
         Iskenderun's Batt |       |       |       |       |    38 |    91 |     5 |     4 |       ||   138
         Freezing Cloud    |       |       |       |       |       |    79 |   109 |    88 |    44 ||   320
         Summon Lightning  |       |       |       |       |       |       |     6 |    13 |     1 ||    20
         Arcjolt           |       |       |       |       |       |       |       |    28 |       ||    28
         Ignition          |       |       |       |       |       |       |       |    23 |     7 ||    30
         Bombard           |       |       |       |       |       |       |       |    17 |   214 ||   231
         Blink             |       |       |       |       |       |       |       |       |     1 ||     1
         Apportation       |       |       |       |       |       |       |       |       |     3 ||     3
 Invoke: Foxfire Swarm     |     1 |       |     1 |     1 |       |       |       |       |       ||     3
         Fiery Armour      |     1 |       |     1 |     2 |     3 |       |       |       |       ||     7
         Rising Flame      |       |       |       |       |     1 |       |       |       |       ||     1
         Recall Ancestor   |       |       |       |       |       |    20 |    28 |    41 |    32 ||   121
         Ancestor Life: Kn |       |       |       |       |       |     1 |       |       |       ||     1
         Transference      |       |       |       |       |       |     1 |       |     2 |       ||     3
         Ancestor Identity |       |       |       |       |       |       |     1 |       |       ||     1
         Idealise          |       |       |       |       |       |       |     2 |     9 |     5 ||    16
  Evoke: Wand              |       |       |     8 |    13 |    26 |     7 |    11 |    39 |    22 ||   126
         Tin of tremorston |       |       |       |       |     1 |     1 |     1 |     3 |       ||     6
         Box of beasts     |       |       |       |       |       |       |     1 |     1 |       ||     2
         Lightning rod     |       |       |       |       |       |       |       |     3 |       ||     3
    Use: Scroll            |     1 |     4 |     4 |    12 |    20 |    15 |    11 |    18 |    11 ||    96
         Potion            |       |       |       |     3 |     3 |     7 |     1 |    19 |     9 ||    42
   Stab: Paralysed         |       |       |       |     7 |    24 |       |     8 |     1 |    10 ||    50
         Distracted        |       |       |       |       |       |       |     1 |     4 |     2 ||     7
         Sleeping          |       |       |       |       |       |       |       |     1 |       ||     1
         Held in net/web   |       |       |       |       |       |       |       |       |     2 ||     2
 Armour: Robe              |    37 |    32 |   142 |   427 |   720 |       |       |     1 |       ||  1359
         Ice dragon scales |       |       |       |       |    23 |       |       |       |       ||    23
         Leather armour    |       |       |       |       |    70 |   574 |   397 |   585 |       ||  1626
         Ring mail         |       |       |       |       |       |       |       |    86 |   272 ||   358
  Dodge: Dodged            |    28 |    12 |    57 |   146 |   261 |    89 |   106 |    81 |    32 ||   812
         Repelled          |       |     1 |     2 |     2 |     4 |       |       |       |       ||     9
  Block: Kite shield       |       |       |       |       |     5 |   241 |   261 |   336 |   139 ||   982
         Reflection        |       |       |       |       |       |       |       |     1 |     4 ||     5

Table legend: (Time is in decaauts)
 A = Elapsed time spent in this place.
 B = Non-inter-level travel time spent in this place.
 C = Inter-level travel time spent in this place.
 D = Time resting spent in this place.
 E = Time spent auto-exploring this place.
 F = Levels seen in this place.
 G = Mean time per level.
                   A        B        C        D        E       F      G
               +--------+--------+--------+--------+--------+-----+--------+
         Total | 130927 | 113083 |  17844 |  48165 |  33018 |  55 | 2380.5 |
       Dungeon |  36596 |  29748 |   6848 |  12265 |   8790 |  15 | 2439.7 |
        Temple |     11 |      2 |      9 |      0 |      0 |   1 |   11.0 |
          Lair |  17291 |  14791 |   2500 |   7197 |   4767 |   5 | 3458.2 |
        Shoals |   6532 |   5572 |    960 |   2307 |   1771 |   4 | 1633.0 |
     Snake Pit |  10242 |   9072 |   1170 |   2975 |   2630 |   4 | 2560.5 |
    Slime Pits |   3757 |   3196 |    561 |   1715 |    228 |   5 |  751.4 |
  Orcish Mines |   3332 |   2810 |    522 |    854 |   1026 |   2 | 1666.0 |
   Elven Halls |   9108 |   8173 |    935 |   3417 |   1511 |   3 | 3036.0 |
        Vaults |  14905 |  13256 |   1649 |   4117 |   5553 |   5 | 2981.0 |
        Depths |   9680 |   8167 |   1513 |   3654 |   2625 |   4 | 2420.0 |
           Zot |  18202 |  17029 |   1173 |   9238 |   4093 |   5 | 3640.4 |
         Sewer |    642 |    642 |      0 |    249 |      0 |   1 |  642.0 |
      Ice Cave |    624 |    624 |      0 |    175 |     19 |   1 |  624.0 |
               +--------+--------+--------+--------+--------+-----+--------+

Top non-repeatable levels by time:
   Zot:5: 6498 daAuts
  Lair:4: 5590 daAuts
  Lair:3: 4550 daAuts
    D:11: 4504 daAuts
     D:9: 4194 daAuts
   Elf:3: 3971 daAuts
 Snake:4: 3930 daAuts
Vaults:5: 3898 daAuts
   Zot:2: 3855 daAuts
Vaults:1: 3657 daAuts
  Lair:2: 3626 daAuts
Depths:1: 3564 daAuts
    D:10: 3354 daAuts
   Zot:4: 3350 daAuts
 Snake:3: 3081 daAuts
